 Dungeon Crawl Stone Soup version 0.27-a0-650-g8dd3ea4f36 (webtiles) character file.

Game seed: 17853429379435852272

144 tilp the Insei (level 5, 0/34 HPs)
             Began as an Octopode Transmuter on Mar 15, 2021.
             Succumbed to an adder's poison
             ... on level 4 of the Dungeon.
             The game lasted 00:06:23 (4876 turns).

tilp the Insei (Octopode Transmuter)                Turns: 4876, Time: 00:06:24

Health: 0/34       AC:  1    Str:  9    XL:     5   Next: 27%
Magic:  5/8        EV: 13    Int: 16    God:
Gold:   212        SH:  0    Dex: 13    Spells: 5/8 levels left

rFire    + . .     SeeInvis .     - Unarmed
rCold    . . .     Faith    .   (no shield)
rNeg     . . .     Spirit   +   (helmet restricted)
rPois    .         Reflect  .   g - amulet of guardian spirit
rElec    .         Harm     .   h - ring of protection from fire
rCorr    .         Rampage  .   (no ring)
Will     .....                  (no ring)
Stlth    +++.......             (no ring)
HPRegen  0.11/turn              (no ring)
MPRegen  0.11/turn              (no ring)
                                (no ring)
                                (no ring)

@: lethally poisoned (0 -> -3), hasted, very quick
A: almost no armour, amphibious, 8 rings, camouflage 1, gelatinous body 1,
nimble swimmer 1, tentacles
a: no special abilities


You were on level 4 of the Dungeon.
You visited 1 branch of the dungeon, and saw 4 of its levels.

You collected 212 gold pieces.

Inventory:

Missiles
 e - 11 boomerangs (quivered)
Jewellery
 g - an amulet of guardian spirit (around mantle)
 h - a ring of protection from fire (left tentacle)
Scrolls
 a - a scroll of identify
Potions
 c - a potion of haste
 d - a potion of brilliance
 f - a potion of might


   Skills:
 + Level 2.3 Fighting
 - Level 2.0 Dodging
 - Level 4.0 Stealth
 * Level 4.4 Unarmed Combat
 - Level 2.0 Spellcasting
 - Level 2.0 Transmutations


You had 5 spell levels left.
You knew the following spells:

 Your Spells              Type           Power      Damage    Failure   Level
a - Beastly Appendage     Tmut           16%        N/A       9%          1
b - Wereblood             Tmut           8%         N/A       14%         2

Your spell library contained the following spells:

 Spells                   Type           Power      Damage    Failure   Level
 Spider Form              Tmut/Pois      2%         N/A       38%         3
 Ice Form                 Ice/Tmut       4%         N/A       80%         4
 Blade Hands              Tmut           4%         N/A       94%         5


Dungeon Overview and Level Annotations

Branches:
Dungeon (4/15)
 Temple: D:4-7

Altars:
Vehumet

Annotations:
D:3 exclusion: centaur


Innate Abilities, Weirdness & Mutations

You cannot wear most types of armour.
You are amphibious.
You can wear up to eight rings at the same time.
Your skin changes colour to match your surroundings (Stealth+).
Your rubbery body absorbs attacks. (AC +1, EV +1)
You are stealthy while swimming. (Stealth+)
You have tentacles for arms and can constrict up to eight enemies at once.


Message History

You feel sick. The adder barely misses you.
You tentacle-slap the adder. You grab the adder.
The adder is almost dead.
You constrict the adder. The adder bites you.
* * * LOW HITPOINT WARNING * * *
You tentacle-slap the adder.
You kill the adder!
* * * LOW HITPOINT WARNING * * *
You feel sick.
There is a lethal amount of poison in your body!
Unknown command.
Okay, then.
Found a plate armour.
You see here an adder corpse.
* * * LOW HITPOINT WARNING * * *
You feel sick.
* * * LOW HITPOINT WARNING * * *
You feel sick.
Found a quarterstaff.
Found 18 gold pieces.
* * * LOW HITPOINT WARNING * * *
You feel sick.
* * * LOW HITPOINT WARNING * * *
You feel sick.
Found an escape hatch in the floor.
Found 19 gold pieces.
You see here a +0 quarterstaff.
A worker ant comes into view.
* * * LOW HITPOINT WARNING * * *
You feel sick.
You see here 18 gold pieces.
Okay, then.
* * * LOW HITPOINT WARNING * * *
You feel sick.
Found 17 arrows.
* * * LOW HITPOINT WARNING * * *
You feel sick.
Found an escape hatch in the ceiling.
Found a stone staircase leading up.
Found a scroll of teleportation.
You die...

#.... ....
.##....###?..
..<...<...|.
...........
..........
.........
#.....#
#....@########
#............#
..
#............#
...
#............#
B..$
#......##....#
....##......#
...##
............+
..#
.>..........#
..#
............##..


There were no monsters in sight!

Vanquished Creatures
  5 adders
  2 worms (D:2)
  2 dart slugs (D:1)
  2 leopard geckos
  6 orcs (D:3)
  3 ball pythons
  4 bats
  7 giant cockroaches
  10 goblins
  10 hobgoblins
  7 jackals (D:1)
  8 frilled lizards
  5 kobolds
  8 rats
79 creatures vanquished.

Notes
Turn   | Place    | Note
-------+----------+-------------------------------------------
     0 | D:1      | tilp the Octopode Transmuter began the quest for the Orb.
     0 | D:1      | Reached XP level 1. HP: 13/13 MP: 3/3
    48 | D:1      | Reached skill level 1 in Stealth
   418 | D:1      | Reached XP level 2. HP: 18/18 MP: 5/5
   421 | D:1      | Learned a level 2 spell: Wereblood
   792 | D:1      | Reached XP level 3. HP: 7/23 MP: 2/6
  1532 | D:2      | Found a radiant altar of Vehumet.
  2278 | D:2      | Reached XP level 4. HP: 28/28 MP: 5/7
  3216 | D:3      | Noticed a centaur
  3765 | D:3      | Reached XP level 5. HP: 34/34 MP: 4/8
  4872 | D:4      | HP: 1/34 [poisoned by an adder]
  4876 | D:4      | Succumbed to an adder's poison

Illustrated notes

Levels and vault maps discovered:
D:1:      psy_arrival_spokes, layout_loops_cross, minmay_pentomino_t4
D:2:      layout_basic, nicolae_vehumet_altar_sigil, minmay_misc_feat_ornament
D:3:      minmay_skewed_foursquare, layout_loops_ring
D:4:      layout_gridville, serial_shops, shop, shop,
          nicolae_shop_temple_entry_statues_fountains, uniq_eustachio

Skill      XL: |  1  2  3  4 |
---------------+-------------+-----
Stealth        | 2 3 4 |  4.0
Unarmed Combat | 4 |  4.4
Fighting       | 2 |  2.3
Dodging        | |  2.0
Spellcasting   | |  2.0
Transmutations | |  2.0

Action                   |  1- 3 |  4- 6 || total
-------------------------+-------+-------++-------
Melee: Unarmed           |    97 |    86 ||   183
       Constrict         |    25 |    22 ||    47
       Tentacles         |     9 |    11 ||    20
       Kick              |     7 |    15 ||    22
       Punch             |     1 |     1 ||     2
Throw: Boomerang         |     4 |     4 ||     8
 Cast: Beastly Appendage |    10 |    16 ||    26
       Wereblood         |     4 |     5 ||     9
  Use: Scroll            |     2 |     6 ||     8
       Potion            |       |     1 ||     1
 Stab: Sleeping          |     9 |    11 ||    20
       Distracted        |       |     1 ||     1
Armor: Skin              |     7 |     2 ||     9
Dodge: Dodged            |    64 |    25 ||    89

Table legend: (Time is in decaauts)
 A = Elapsed time spent in this place.
 B = Non-inter-level travel time spent in this place.
 C = Inter-level travel time spent in this place.
 D = Time resting spent in this place.
 E = Time spent auto-exploring this place.
 F = Levels seen in this place.
 G = Mean time per level.
                   A        B        C        D        E       F      G
               +--------+--------+--------+--------+--------+-----+--------+
         Total |   4859 |   4654 |    205 |   1009 |   2979 |   4 | 1214.8 |
       Dungeon |   4859 |   4654 |    205 |   1009 |   2979 |   4 | 1214.8 |
               +--------+--------+--------+--------+--------+-----+--------+

Top non-repeatable levels by time:
     D:3: 1824 daAuts
     D:1: 1501 daAuts
     D:2: 1476 daAuts
     D:4: 57 daAuts
